Map: Darkness Sanctuary LE

Players

soO - Winner!

  • Race: Zerg Zerg
  • League: Master
  • Spawn Location: 5:00

Lambo

  • Race: Zerg Zerg
  • League: Master
  • Spawn Location: 7:00

Event: HomeStory Cup XVII

VOD

Have the link to the VOD?

Description

Time

  • Played on: July 1, 2018, 2:46 p.m.
  • Length: 7:22

All games in this series

Show
View Real Time Build Order
Export as new Build Order

soO Zerg - Winner!

Build Orders: 3 Hatch before Pool 

Get SALT Encoding   

  12  0:00  Drone  
  13  0:12  Overlord  
  13  0:17  Drone  
  14  0:30  Drone x2  
  14  0:33  Drone  
  17  0:51  Hatchery  
  17  0:53  Drone  
  17  0:56  Drone  
  18  1:08  Drone  
  19  1:22  Hatchery  
  18  1:31  Extractor  
  17  1:33  Spawning Pool  
  17  1:37  Drone  
  17  1:40  Drone  
  17  1:43  Drone  
  19  1:50  Drone  
  20  2:00  Overlord  
  20  2:04  Drone  
  21  2:11  Drone  
  21  2:15  Drone  
  23  2:20  Queen  
  23  2:21  Queen  
  27  2:25  Drone  
  28  2:30  Metabolic Boost  
  28  2:37  Queen  
  28  2:40  Drone  
  28  2:43  Zergling x2  
  32  2:50  Baneling Nest  
  32  2:51  Drone  
  32  2:53  Drone  
  32  2:56  Drone  
  32  2:58  Drone  
  35  3:02  Zergling x2  
  35  3:04  Drone  
  37  3:07  Zergling x2  
  38  3:17  Zergling x4  
  38  3:18  Drone x2  
  42  3:23  Overlord  
  42  3:37  Baneling x2  
  42  3:41  Zergling x4  
  42  3:42  Zergling x12  
  42  3:47  Baneling x2  
  50  3:53  Drone x2  
  50  3:59  Drone x2  
  49  4:09  Overlord x2  
  49  4:10  Lair  
  45  4:18  Drone x4  
  45  4:20  Extractor  
  45  4:21  Extractor  
  45  4:22  Drone x2  
  49  4:31  Drone x2  
  50  4:34  Drone  
  50  4:38  Drone x3  
  51  4:41  Drone  
  51  4:42  Drone  
  51  4:43  Zergling x2  
  51  4:44  Zergling x4  
  56  4:47  Zergling x4  
  56  4:49  Extractor  
  56  4:50  Zergling x6  
  56  4:51  Zergling x2  
  61  4:58  Zergling x6  
  64  5:04  Baneling x2  
  64  5:11  Drone  
  64  5:14  Spire, Drone  
  64  5:15  Baneling x2  
  64  5:20  Overlord  
  65  5:27  Overlord  
  65  5:29  Overlord, Drone  
  65  5:36  Drone  
  65  5:37  Drone  
  65  5:38  Drone x2  
  65  5:39  Drone x5  
  65  5:42  Drone  
  71  5:43  Drone x2  
  71  5:49  Zergling x6  
  77  5:50  Zergling x4  
  77  5:53  Spine Crawler  
  77  5:55  Spine Crawler  
  77  5:56  Zergling x4  
  78  5:58  Zergling x2  
  78  5:59  Zergling x2  
  78  6:01  Zergling x4  
  82  6:09  Zergling x2  
  82  6:12  Spine Crawler  
  82  6:13  Spine Crawler  
  82  6:15  Baneling x3  
  80  6:21  Zergling x8  
  80  6:22  Zergling x4  
  84  6:27  Zergling x4  
  84  6:28  Zergling x4  
  84  6:29  Zergling x4  
  84  6:30  Zergling x2  
  84  6:32  Baneling x6  
  88  6:33  Baneling x4  
  88  6:34  Mutalisk  
  88  6:45  Mutalisk x3  
  89  6:51  Mutalisk x2  
  84  6:56  Mutalisk  
Show
View Real Time Build Order
Export as new Build Order

Lambo Zerg 

Build Orders: Hatch First, Zergling Baneling 

Get SALT Encoding   

  12  0:00  Drone  
  13  0:12  Overlord  
  13  0:16  Drone  
  14  0:31  Drone x2  
  14  0:35  Drone  
  17  0:51  Hatchery  
  17  0:54  Drone  
  17  0:58  Drone  
  18  1:08  Extractor  
  17  1:12  Spawning Pool  
  17  1:16  Drone  
  17  1:20  Drone  
  18  1:28  Drone  
  19  1:38  Drone  
  20  1:50  Overlord  
  20  1:58  Queen  
  22  2:03  Queen, Zergling x2  
  22  2:04  Drone  
  26  2:09  Metabolic Boost  
  26  2:11  Zergling x2  
  27  2:16  Drone  
  29  2:22  Drone  
  29  2:27  Drone  
  30  2:35  Hatchery  
  29  2:37  Drone  
  29  2:42  Drone  
  31  2:45  Baneling Nest  
  31  2:47  Drone  
  31  2:51  Overlord  
  31  2:58  Drone  
  32  3:09  Zergling x8  
  32  3:10  Zergling x4  
  32  3:12  Zergling x2  
  38  3:17  Overlord  
  38  3:20  Zergling x2  
  38  3:22  Drone  
  38  3:23  Drone  
  41  3:29  Baneling  
  41  3:30  Baneling x2  
  41  3:34  Drone x2  
  43  3:39  Drone  
  43  3:40  Drone x2  
  46  3:42  Baneling x2  
  46  3:47  Drone x4  
  50  3:54  Drone  
  50  3:55  Drone  
  47  4:00  Zergling x4  
  47  4:02  Baneling x2  
  47  4:04  Queen  
  47  4:06  Evolution Chamber  
  47  4:07  Drone  
  47  4:09  Extractor  
  48  4:10  Extractor  
  48  4:11  Drone  
  47  4:17  Roach Warren  
  47  4:18  Zergling x4  
  47  4:22  Baneling x2  
  47  4:23  Zergling x4  
  50  4:27  Zergling x2  
  50  4:28  Zergling x4  
  52  4:32  Zergling x4  
  52  4:41  Drone x4  
  52  4:45  Overlord, Drone x2  
  57  4:55  Overlord  
  57  5:06  Roach x4  
  64  5:09  Roach  
  72  5:14  Roach x4  
  72  5:17  Overlord  
  72  5:18  Overlord  
  73  5:27  Roach  
  72  5:36  Roach x5  
  72  5:39  Roach x2  
  72  5:41  Zergling x2  
  72  5:42  Zergling x2  
  85  5:46  Zergling x2  
  85  5:50  Zergling x8  
  85  5:53  Zergling x2  
  90  5:57  Overlord  
  90  6:06  Overlord  
  90  6:11  Overlord  
  90  6:19  Zergling x18  
  90  6:23  Overlord  
  97  6:29  Ravager x5  
  97  6:30  Zergling x4  
  97  6:31  Ravager  
  92  6:33  Zergling x2  
  92  6:38  Baneling  
  92  6:40  Zergling x4  
  92  6:42  Baneling  
  92  6:45  Zergling x2  
  93  6:48  Zergling x2  
  93  6:51  Baneling  
  93  6:53  Zergling x2  
  93  6:54  Zergling x4  
  86  7:00  Zergling x4  
  79  7:04  Zergling x4  
Tags
 
Add a new tag
Caveats
  • Supply blocks, unpowered buildings, or Contaminate may cause inaccurate times.
  • Supply counts are checked every 10 seconds.